 Dungeon Crawl Stone Soup version 0.23.1 (webtiles) character file.

Game seed: 4888994121635420715

179 Borgoz the Sneak (level 5, 0/45 HPs)
             Began as a Ghoul Assassin on Mar 7, 2019.
             Slain by an orc
             ... wielding a +0 dagger
              (2 damage)
             ... on level 3 of the Dungeon.
             The game lasted 00:06:02 (3001 turns).

Borgoz the Sneak (Ghoul Assassin)                   Turns: 3001, Time: 00:06:03

Health: 0/45       AC:  5    Str: 15    XL:     5   Next: 59%
Magic:  4/4        EV: 12    Int:  7    God:
Gold:   154        SH:  0    Dex: 10    Spells: 4/4 levels left

rFire    . . .     SeeInvis +   a - +2 dagger
rCold    + . .     Gourm    .   (no shield)
rNeg     + + +     Faith    .   A - +0 leather armour
rPois    ∞         Spirit   .   (no helmet)
rElec    .         Reflect  .   d - +1 cloak
rCorr    .         Harm     .   (no gloves)
MR       .....                  (no boots)
Stlth    ++........             (no amulet)
HPRegen  0.00/turn              x - ring of see invisible
MPRegen  0.09/turn              (no ring)

@: rotting
A: rotting body, claws 1, carnivore, cold resistance 1, negative energy
resistance 3, inhibited regeneration, torment resistance, unbreathing
a: no special abilities


You were on level 3 of the Dungeon.
You were not hungry.

You visited 1 branch of the dungeon, and saw 3 of its levels.

You collected 154 gold pieces.

Inventory:

Hand Weapons
 a - a +2 dagger (weapon)
 b - a +0 blowgun
Missiles
 e - 29 poisoned needles
 f - 2 curare-tipped needles
 z - a throwing net (quivered)
Armour
 d - a +1 cloak (worn)
 j - a +0 ring mail
 A - a +0 leather armour (worn)
Jewellery
 o - an uncursed ring of fire
 r - an uncursed ring of fire
 x - a ring of see invisible (left claw)
Scrolls
 h - a scroll of enchant weapon {unknown}
 i - 2 scrolls of amnesia {unknown}
 m - 2 scrolls of enchant armour
 p - a scroll of fear {unknown}
 q - a scroll of teleportation
 s - a scroll of immolation {unknown}
 v - a scroll of noise {unknown}
Potions
 c - a potion of haste {unknown}
 k - a potion of might {unknown}
 n - a potion of cancellation {unknown}
 t - a potion of berserk rage
 u - a potion of brilliance
Comestibles
 g - 5 rations
 l - 2 chunks of flesh


   Skills:
 + Level 3.0 Fighting
 * Level 3.1 Short Blades
 - Level 1.7 Throwing
 + Level 2.1 Armour
 + Level 2.0 Dodging
 + Level 4.9 Stealth


You had 4 spell levels left.
You didn't know any spells.
Your spell library was empty.

Dungeon Overview and Level Annotations

Branches:
Dungeon (3/15)

Altars:
Nemelex Xobeh
Sif Muna


Innate Abilities, Weirdness & Mutations

Your body is rotting away.
You thrive on raw meat.
You are immune to poison.
You have sharp fingernails.
You are carnivorous and can eat meat at any time.
Your flesh is cold resistant. (rC+)
You are immune to negative energy. (rN+++)
You do not regenerate when monsters are visible.
You are immune to unholy pain and torment.
You can survive without breathing.


Message History

You hit the orc priest.
The orc priest is moderately wounded.
The orc priest calls upon Beogh to heal the orc.
The orc's wounds heal themselves!
The orc completely misses you.
You hit the orc priest.
The orc priest is heavily wounded.
The orc priest hits you with a +0 whip. The orc misses you.
You hit the orc priest but do no damage.
The orc priest is heavily wounded.
The orc priest invokes the aid of Beogh against you.
Beogh smites you!
* * * LOW HITPOINT WARNING * * *
The orc hits you with a +0 dagger.
* * * LOW HITPOINT WARNING * * *
It was a potion of berserk rage.
You cannot raise a blood rage in your lifeless body.
The orc priest hits you with a +0 whip.
* * * LOW HITPOINT WARNING * * *
The orc hits you with a +0 dagger.
You die...

####################
#..........o.......#
#.########.o@.......
#.# #.#######.. ###
#.# #.#......
#######.. #.#
##.#...... .........
#.# #.........
......... #.#
###(........
.#####..# #.#
#...........
........# #.#
#.#.........
#######># #.#
#.#......... ##.#


You could see an orc priest and an orc.

Vanquished Creatures
  6 adders
  An ooze (D:1)
  2 worms
  2 dart slugs (D:1)
  8 leopard geckos
  11 orcs (D:3)
  5 giant cockroaches
  11 goblins
  9 hobgoblins
  5 jackals
  4 kobolds
  4 quokkas (D:2)
  2 bats
  8 frilled lizards
  11 rats
89 creatures vanquished.

Notes
Turn   | Place    | Note
-------+----------+-------------------------------------------
     0 | D:1      | Borgoz the Ghoul Assassin began the quest for the Orb.
     0 | D:1      | Reached XP level 1. HP: 17/17 MP: 0/0
    34 | D:1      | Reached skill level 1 in Dodging
    46 | D:1      | Reached XP level 2. HP: 12/24 MP: 1/1
   373 | D:1      | Reached skill level 1 in Armour
   450 | D:1      | Reached XP level 3. HP: 30/30 MP: 2/2
  1181 | D:2      | Reached XP level 4. HP: 37/37 MP: 3/3
  2012 | D:3      | Reached XP level 5. HP: 21/42 MP: 4/4
  2186 | D:3      | Found a sparkling altar of Nemelex Xobeh.
  2752 | D:3      | Found a deep blue altar of Sif Muna.
  3001 | D:3      | HP: 2/45 [orc priest/+0 whip (2)]
  3001 | D:3      | Slain by an orc

Skill      XL: |  1  2  3  4  5 |
---------------+----------------+-----
Dodging        | 1 2 |  2.0
Short Blades   | 2 3 |  3.1
Armour         | 1 2 |  2.1
Fighting       | 3 |  3.0
Throwing       | |  1.7
Stealth        | |  4.9

Action                   |  1- 3 |  4- 6 || total
-------------------------+-------+-------++-------
Melee: Dagger            |   108 |   221 ||   329
 Fire: Blowgun           |       |     5 ||     5
  Use: Scroll            |       |     4 ||     4
       Potion            |       |     3 ||     3
 Stab: Sleeping          |    13 |    12 ||    25
       Distracted        |       |     2 ||     2
  Eat: Chunk             |     6 |    13 ||    19
Armor: Robe              |    18 |    17 ||    35
       Leather armour    |       |    10 ||    10
       Skin              |       |     2 ||     2
Dodge: Dodged            |    49 |   119 ||   168
